 Dungeon Crawl Stone Soup version 0.30-a0-373-gd37427bb62 (webtiles) character file.

Game seed: 12829947856552667409

373 qeuew the Conjurer (level 6, -5/50 HPs)
             Began as a Draconian Conjurer on Nov 24, 2022.
             Slain by Duvessa
             ... wielding a +0 short sword
              (10 damage)
             ... on level 4 of the Dungeon.
             The game lasted 00:05:32 (3254 turns).

qeuew the Conjurer (Draconian Conjurer)             Turns: 3254, Time: 00:05:32

Health: -5/50      AC:  7    Str: 16    XL:     6   Next: 43%
Magic:  3/12       EV: 12    Int: 18    God:
Gold:   134        SH:  0    Dex: 11    Spells: 10/13 levels left

rFire   . . .      SeeInvis .    (no weapon)
rCold   . . .      Faith    .    (no shield)
rNeg    . . .      Spirit   .    (body armour unavailable)
rPois   +          Reflect  .    (helmet restricted)
rElec   .          Harm     .    (no cloak)
rCorr   .          Rampage  .    b - +0 pair of gloves
Will    .....                    (no boots)
Stlth   +.........               (no amulet)
HPRegen 0.28/turn                c - +6 ring of strength
MPRegen 0.13/turn                g - ring of poison resistance

@: lit by a corona, glowing
A: AC +6, unfitting armour, cold-blooded
a: no special abilities


You were on level 4 of the Dungeon.
You visited 1 branch of the dungeon, and saw 4 of its levels.

You collected 134 gold pieces.

Inventory:

Armour
 b - a +0 pair of gloves (worn)
Jewellery
 c - a +6 ring of strength (left hand)
 g - a ring of poison resistance (right hand)
Scrolls
 d - a scroll of enchant armour
 h - a scroll of poison
 i - 2 scrolls of brand weapon
Potions
 a - a potion of curing
 e - a potion of haste


   Skills:
 + Level 2.9 Fighting
 + Level 3.1 Dodging
 - Level 1.7 Stealth
 * Level 4.3 Spellcasting
 + Level 5.0 Conjurations


You had 10 spell levels left.
You knew the following spells:

 Your Spells              Type           Power      Damage    Failure   Level
a - Magic Dart            Conj           84%        1d7       1%          1
b - Searing Ray           Conj           42%        2d6       2%          2

Your spell library contained the following spells:

 Spells                   Type           Power      Damage    Failure   Level
 Dazzling Flash           Conj/Hex       24%        N/A       16%         3
 Fulminant Prism          Conj/Hex       6%         3d7       45%         4
 Iskenderun's Mystic Bla  Conj/Tloc      12%        2d5       45%         4


Dungeon Overview and Level Annotations

Branches:
Dungeon (4/15)
 Temple: D:4-7

Altars:

Shops:
D:2 :

Annotations:
D:4 Duvessa


Innate Abilities, Weirdness & Mutations

Your plain brown scales are hard. (AC +6)
You cannot fit into any form of body armour.
You are cold-blooded and may be slowed by cold attacks.


Message History

The searing ray misses Dowan. (Press . to maintain the ray.) Duvessa hits you with a +0 short sword.
Dowan points at you and mumbles some strange words.
The puff of frost hits you!
* * * LOW HITPOINT WARNING * * *
Unknown command.
Okay, then.
You feel better. Duvessa closely misses you.
Dowan mumbles some strange words.
Dowan blinks!
Duvessa hits you with a +0 short sword!
Okay, then.
As you read the scroll of identify, it crumbles to dust.
h - a scroll of poison Duvessa hits you but does no damage.
As you read the scroll labelled VEXZINKEJOM, it crumbles to dust.
You feel aware of your surroundings.
You sensed 7 altars.
It was a scroll of magic mapping.
Duvessa closely misses you.
Dowan points at you and mumbles some strange words.
You are outlined in light.
Duvessa hits you but does no damage.
You feel better.
Duvessa says, "Beauty is only skin deep, and my weapons penetrate much further than that."
Duvessa hits you with a +0 short sword. Duvessa hits you with a +0 short sword!
* * * LOW HITPOINT WARNING * * *
Duvessa barely misses you.
Aiming: Searing Ray (safe; 2% risk of failure)
Press: ? - help, Q - select action, (/) - cycle Shift-Dir - straight line, f/p - Dowan
Aim: Dowan, wielding a +3 dagger of venom and wearing a +0 robe (severely wounded, 69% to hit)
The searing ray hits Duvessa.
Duvessa is moderately wounded.
The searing ray hits Dowan.
You kill Dowan!
Duvessa screams, "No!
How DARE you!"
Duvessa goes berserk! (Press . to maintain the ray.) Duvessa hits you with a +0 short sword!
* * * LOW HITPOINT WARNING * * *
Duvessa hits you with a +0 short sword!
You die...

* *,,**,,,...#.<.#..####.........
***,,***......##.......##........
*,,,***,...#.....................
,,,,**,,.*,##......#...#.........
,,>,,,,,,,.....##.##...#......>..
,,,,,,,,,..>..##)..###...........
,,,,,,,,,.....*#..## ##....##....
,,,,,,,,,....,*#e..###....##.....
*,,,,,,,,.....##@#.......###...#.
,,,,,,,,,........#.......##....#.
,,***,,,,.###..#..##.....##......
,,****,,,,,*#..#.....###..#......
,,,**,,,,,,*#........##..........
*,,**,,,,,,,#...........##.....#.
*,,,*,,,,,,,#,.#...............##
***,,,,,,,,,*,*#....#......##.##
*,,,,,,,,,,,.....###.....#####


You could see Duvessa (berserk, fast).

Vanquished Creatures
  A necrophage (D:3)
  Dowan (D:4)
  A hound (D:4)
  2 orc priests (D:3)
  3 orc wizards (D:3)
  6 adders
  3 dart slugs
  3 orcs (D:3)
  5 ball pythons
  4 endoplasms
  3 giant cockroaches (D:1)
  4 goblins
  12 hobgoblins
  2 jackals (D:2)
  9 kobolds
  6 quokkas
  4 bats
  11 frilled lizards
  8 rats
88 creatures vanquished.

Notes
Turn   | Place    | Note
-------+----------+-------------------------------------------
     0 | D:1      | qeuew the Draconian Conjurer began the quest for the Orb.
     0 | D:1      | Reached XP level 1. HP: 14/14 MP: 3/3
   136 | D:1      | Reached XP level 2. HP: 20/20 MP: 5/5
   185 | D:1      | Learned a level 2 spell: Searing Ray
   622 | D:1      | Reached XP level 3. HP: 27/27 MP: 3/6
   698 | D:1      | Reached skill level 1 in Fighting
  1133 | D:2      | Found Etridwim's Book Emporium.
  1274 | D:2      | Found a faded altar of an unknown god.
  1370 | D:2      | Reached XP level 4. HP: 35/35 MP: 4/8
  1868 | D:3      | Noticed a necrophage
  1882 | D:3      | Reached XP level 5. HP: 28/41 MP: 2/10
  2564 | D:3      | Reached XP level 6. HP: 50/50 MP: 7/12
  3167 | D:4      | Noticed Dowan
  3168 | D:4      | Reached skill level 5 in Conjurations
  3169 | D:4      | Noticed Duvessa
  3254 | D:4      | Killed Dowan
  3254 | D:4      | Slain by Duvessa

Illustrated notes

Levels and vault maps discovered:
D:1:      eino_arrival_druids_welcome, layout_rooms
D:2:      layout_rooms, hellmonk_ecumenical_altar_heavens_door, serial_shops,
          nicolae_shop_stone, nicolae_figureground_sparkle
D:3:      layout_loops_ring, minmay_cut_off
D:4:      layout_cave_pools, slow_altar_2, doesnt_xom_only_xom,
          lightli_minifort, uniq_duvessa

Skill      XL: |  1  2  3  4  5  6 |
---------------+-------------------+-----
Dodging        | 2 3 |  3.1
Fighting       | 1 2 |  2.9
Spellcasting   | 3 4 |  4.3
Conjurations   | 5 |  5.0
Stealth        | |  1.7

Action                   |  1- 3 |  4- 6 || total
-------------------------+-------+-------++-------
Melee: Unarmed           |   140 |     3 ||   143
       Tailslap          |    14 |       ||    14
 Cast: Magic Dart        |    80 |    77 ||   157
       Searing Ray       |       |     9 ||     9
  Use: Scroll            |     3 |     9 ||    12
       Potion            |       |     5 ||     5
Armor: Skin              |    67 |    14 ||    81
Dodge: Dodged            |   119 |    22 ||   141

Table legend: (Time is in decaauts)
 A = Elapsed time spent in this place.
 B = Non-inter-level travel time spent in this place.
 C = Inter-level travel time spent in this place.
 D = Time resting spent in this place.
 E = Time spent auto-exploring this place.
 F = Levels seen in this place.
 G = Mean time per level.
                   A        B        C        D        E       F      G
               +--------+--------+--------+--------+--------+-----+--------+
         Total |   3254 |   3186 |     68 |     52 |   2606 |   4 |  813.5 |
       Dungeon |   3254 |   3186 |     68 |     52 |   2606 |   4 |  813.5 |
               +--------+--------+--------+--------+--------+-----+--------+

Top non-repeatable levels by time:
     D:3: 1278 daAuts
     D:1: 970 daAuts
     D:2: 858 daAuts
     D:4: 147 daAuts
